AoeStats
← ForgeableSum

Arabian Desert

510027475Analyzed
1v1 RM · 4d ago on Sep 29, 2026· 39m 55s· 2 players
Game mode
Random Map
Map size
Tiny (2 player)
Population
200
Speed
Normal
Resources
Standard
Victory
Conquest
Starting age
Dark Age
Ending age
Imperial Age
RankedLock teamsTeams togetherTeam positionsShared explorationLock speedFull tech treeHidden civsTurbo modeCheats
Victory
Defeat
🇲🇽 Varangians · Mexico
1415
+17
🇺🇸 Burgundians · United States
1426
-17
MZTK | Dragneel
6:34 Loom
9:07 Feudal Age
9:40 Double-Bit Axe
11:54 Town Watch
17:02 Gold Mining
20:12 Castle Age
20:03 Bloodlines
19:41 Horse Collar
21:12 Forging
21:08 Scale Barding Armor
21:30 Bow Saw
25:46 Husbandry
31:45 Wheelbarrow
36:49 Chain Barding Armor
38:15 Hand Cart
37:54 Vendel Legacy
42:48 Imperial Age
ForgeableSum
8:14 Loom
10:22 Feudal Age
16:16 Castle Age
Connection lost

Rejoining the realm…

Still unreachable

The connection could not be restored.

Session expired

The server has moved on; the page needs a fresh start.